 Dungeon Crawl Stone Soup version 0.24.0-13-gcf9b319 (webtiles) character file.

Game seed: 16266103037354859083, levelgen mode: deterministic

283 Econoterrorist the Conjurer (level 5, -13/38 HPs)
             Began as a Demigod Conjurer on Apr 5, 2020.
             Killed by divine providence
             ... invoked by an orc priest
              (15 damage)
             ... on level 6 of the Dungeon.
             The game lasted 00:13:43 (3347 turns).

Econoterrorist the Conjurer (Demigod Conjurer)      Turns: 3347, Time: 00:13:46

Health: -13/38     AC:  3    Str: 10 (11) XL:     5   Next: 78%
Magic:  1/12       EV:  9    Int: 20 (21) God:
Gold:   130        SH:  0    Dex: 15 (16) Spells: 3/10 levels left

rFire    . . .     SeeInvis .   s - staff of conjuration
rCold    . . .     Gourm    .   (no shield)
rNeg     . . .     Faith    .   a - +0 robe
rPois    +         Spirit   .   (no helmet)
rElec    .         Reflect  .   p - +0 cloak {rPois}
rCorr    .         Harm     .   (no gloves)
MR       .....                  (no boots)
Stlth    ++........             (no amulet)
HPRegen  0.12/turn              i - -4 ring of evasion (curse)
MPRegen  0.13/turn              (no ring)

@: no status effects
A: high mp 1
a: no special abilities


You were on level 6 of the Dungeon.
You were not hungry.

You visited 1 branch of the dungeon, and saw 5 of its levels.

You collected 130 gold pieces.

Inventory:

Armour
 a - a +0 robe (worn)
 j - a +0 buckler
 p - a +0 cloak of poison resistance (worn)
Magical Staves
 s - an uncursed staff of conjuration (weapon)
Jewellery
 i - a cursed -4 ring of evasion (left hand)
Wands
 o - a wand of iceblast (14)
Scrolls
 f - 3 scrolls of magic mapping
 g - a scroll of identify
 h - a scroll of enchant weapon {unknown}
 q - 2 scrolls of teleportation
 r - a scroll of remove curse {unknown}
Potions
 b - 2 potions of brilliance
 d - a potion of flight {unknown}
 e - a potion of curing {unknown}
 k - a potion of degeneration
 l - a potion of resistance {unknown}
 m - a potion of lignification {unknown}
 n - a potion of might {unknown}
Comestibles
 c - 9 rations
 t - 2 chunks of flesh


   Skills:
 - Level 0.2 Fighting
 + Level 2.9 Dodging
 - Level 1.7 Stealth
 + Level 2.1 Shields
 - Level 3.0 Spellcasting
 - Level 5.0 Conjurations


You had 3 spell levels left.
You knew the following spells:

 Your Spells              Type           Power        Failure   Level  Hunger
a - Magic Dart            Conj           ####         1%          1    None
b - Searing Ray           Conj           ####..       2%          2    ##.....
c - Iskenderun's Mystic   Conj           ####....     19%         4    ####...

Your spell library contained the following spells:

 Spells                   Type           Power        Failure   Level  Hunger
 Dazzling Spray           Conj/Hex       ###...       16%         3    ###....
 Force Lance              Conj/Tloc      ###.....     45%         4    ####...
 Fulminant Prism          Conj/Hex       ###.......   45%         4    ####...


Dungeon Overview and Level Annotations

Branches:
Dungeon (4/15)
 Temple: D:4-7

Annotations:
D:3 2 runed translucent doors, RobertSmithOfTheCure's ghost, amateur DsGl


Innate Abilities, Weirdness & Mutations

You have an increased reservoir of magic. (+10% MP)


Message History

* * * LOW HITPOINT WARNING * * *
The searing ray misses the orc priest.
The crimson imp shouts, "Return whence thou came, thou churlish idle-headed mendicant!"
The crimson imp hits you.
* * * LOW HITPOINT WARNING * * *
The orc priest invokes the aid of Beogh against you.
You struggle to resist.
The searing ray hits the orc priest.
The orc priest is moderately wounded.
The crimson imp hits you.
* * * LOW HITPOINT WARNING * * *
The orc priest hits you with a cursed -2 mace.
* * * LOW HITPOINT WARNING * * *
It was a potion of degeneration.
There was something very wrong with that liquid.
You feel weakened.
You feel dopey.
You feel clumsy. The crimson imp misses you.
The orc priest calls down the wrath of Beogh upon you.
Beogh smites you!
You die...

#........5..#
####.#.####.#
............#
..#..#..#..##
..##.#.##.##
.....#....#
####.######
#.###############
#.....รท.)...5@o.#
#####.#########.#
#..# # #######)#
#.......##
..#####..### #.#
#.#...#
#.#.#.#..##
#.#.##...#


You could see an orc priest and a crimson imp.

Vanquished Creatures
  An ice beast (D:6)
  Crazy Yiuf (D:2)
  A bullfrog skeleton (D:4)
  7 adders
  2 oozes
  A worm (D:2)
  3 dart slugs
  2 leopard geckos
  3 orcs (D:6)
  A giant cockroach (D:2)
  2 goblins
  2 hobgoblins
  12 kobolds
  A quokka (D:2)
  A ball python (D:1)
  11 bats
  4 frilled lizards
  8 rats
  A fungus (D:2)
64 creatures vanquished.

Notes
Turn   | Place    | Note
-------+----------+-------------------------------------------
     0 | D:1      | Econoterrorist the Demigod Conjurer began the quest for the
                  | Orb.
     0 | D:1      | Reached XP level 1. HP: 14/14 MP: 5/5
   539 | D:1      | Reached XP level 2. HP: 20/20 MP: 4/7
   618 | D:1      | Learned a level 2 spell: Searing Ray
  1283 | D:2      | Reached XP level 3. HP: 23/26 MP: 2/10
  1500 | D:2      | Reached skill level 4 in Conjurations
  2290 | D:2      | Found a runed translucent door.
  2291 | D:2      | Noticed Crazy Yiuf
  2299 | D:2      | Killed Crazy Yiuf
  2299 | D:2      | Reached XP level 4. HP: 24/33 MP: 3/11
  2399 | D:3      | Learned a level 4 spell: Iskenderun's Mystic Blast
  2430 | D:3      | Found a runed translucent door.
  2432 | D:3      | Noticed RobertSmithOfTheCure's ghost (amateur DsGl)
  2457 | D:3      | Found a runed translucent door.
  2585 | D:3      | Reached skill level 5 in Conjurations
  3090 | D:4      | You fall into a shaft and drop 2 floors!
  3112 | D:6      | Noticed an ogre
  3120 | D:6      | Reached XP level 5. HP: 38/38 MP: 7/12
  3123 | D:6      | Reached skill level 1 in Shields
  3275 | D:6      | Noticed an ice beast
  3317 | D:6      | Killed an ice beast
  3347 | D:6      | Killed from afar by an orc priest

Levels and vault maps discovered:
D:1:      lightli_molten_gateway, layout_basic, minmay_domino_4
D:2:      layout_rooms, serial_glass, glass_columns_b, glass_columns_b,
          glass_columns_a, glass_columns_a, glass_columns_a,
          uniq_crazy_yiuf_cottage
D:3:      layout_loops_ring, ebering_ghost_sewer_f, hangedman_decor_growths
D:4:      minmay_diamond_boxcup, layout_basic, first_ration
D:6:      layout_loops_ring, minmay_temple_entry_statues_pillars,
          hangedman_abyss_or_decor_passed, serial_bayou_pond_d, dk_vineyard_2,
          minmay_circle_x

Skill      XL: |  1  2  3  4  5 |
---------------+----------------+-----
Spellcasting   | 2 3 |  3.0
Conjurations   | 4 5 |  5.0
Dodging        | 2 |  2.9
Shields        | 2 |  2.1
Fighting       | |  0.2
Stealth        | |  1.7

Action                   |  1- 3 |  4- 6 || total
-------------------------+-------+-------++-------
Melee: Dagger            |    43 |       ||    43
       Unarmed           |     1 |       ||     1
       Staff             |       |     2 ||     2
 Cast: Magic Dart        |    86 |    25 ||   111
       Searing Ray       |     4 |    10 ||    14
  Use: Scroll            |     4 |       ||     4
       Potion            |       |     1 ||     1
 Stab: Sleeping          |     2 |       ||     2
  Eat: Chunk             |     4 |     4 ||     8
Armor: Robe              |    19 |     5 ||    24
Dodge: Dodged            |    44 |    13 ||    57
